 Dungeon Crawl Stone Soup version 0.26.1-11-gd32895ea62 (webtiles) character file.

Game seed: 12640263767849191954

570538 mnogoshchuk the Minotaur Barricade (level 26, -7/264 HPs)
             Began as a Minotaur Fighter on July 10, 2021.
             Was the Champion of Okawaru.
             Mangled by a vault guard
             ... wielding a +0 glaive
              (16 damage)
             ... on level 5 of the Vaults on July 12, 2021.
             The game lasted 04:29:55 (83045 turns).

mnogoshchuk the Minotaur Barricade (MiFi)          Turns: 83045, Time: 04:29:57

Health: -7/264     AC: 25    Str: 31    XL:     26   Next: 11%
Magic:  32/32      EV: 25    Int:  5    God:    Okawaru [******]
Gold:   3099       SH: 28    Dex: 17    Spells: 25/25 levels left

rFire    + + +     SeeInvis +   p - +7 war axe "Giantbane" {drain, rElec rF+}
rCold    + + .     Faith    .   X - +3 kite shield {AC+3}
rNeg     + . .     Spirit   .   W - +0 faerie dragon scales {rElec rF+ rCorr MP+9 Stlth+}
rPois    .         Reflect  +   (helmet unavailable)
rElec    +         Harm     .   w - scarf {rC+ rF+}
rCorr    +         Rampage  .   y - +2 pair of gloves {Dex+3}
Will     +....                  J - +2 pair of boots {run}
Stlth    ++........             s - amulet of reflection
HPRegen  0.94/turn              O - ring "Arriyvek" {Dex+2 SInv}
MPRegen  0.23/turn              n - ring of positive energy

@: flayed, constricted, quick
A: retaliatory headbutt, horns 3, talons 1, icy blue scales 1, thin metallic
scales 1, cold resistance 1, sense surroundings 1, regeneration 1, screaming 1,
no potion heal 1
}: 2/15 runes: decaying, gossamer
a: Renounce Religion, Heroism, Finesse


You were on level 5 of the Vaults.
You worshipped Okawaru.
Okawaru was exalted by your worship.
You visited 11 branches of the dungeon, and saw 49 of its levels.
You also visited: Trove, Ice Cave and Volcano.

You collected 7562 gold pieces.
You spent 4463 gold pieces at shops.

Inventory:

Hand Weapons
 p - the +7 war axe "Giantbane" (weapon) {drain, rElec rF+}
   (Okawaru gifted it to you on level 3 of the Swamp)

   A truly terrible weapon, it drains the life of those it strikes.
   It protects you from fire.
   It insulates you from electricity.
 T - the +8 longbow of Udaoqe {venom, Str+4}
   (Okawaru gifted it to you on level 4 of the Vaults)

   It poisons the ammo it fires.
   It affects your strength (+4).
 V - a +6 scimitar of flaming
Armour
 i - a scarf of shadows
 w - a scarf of resistance (worn)
 y - a +2 pair of gloves of dexterity (worn)
 H - a +2 pair of gloves of strength
 J - a +2 pair of boots of running (worn)
 P - the +2 hat of Curiosity {rPois Will+ Str+3}
   (You found it on level 15 of the Dungeon)

   It affects your strength (+3).
   It protects you from poison.
   It affects your willpower, your defense against some magical effects.
 W - the +0 faerie dragon scales (worn) {rElec rF+ rCorr MP+9 Stlth+}
   (You took it off the Enchantress on level 1 of the Depths)

   It protects you from fire.
   It insulates you from electricity.
   It affects your magic capacity (+9).
   It provides partial protection from all sources of acid and corrosion.
   It makes you more stealthy.
 X - a +3 kite shield of protection (worn)
 Y - the +0 chain mail of Sorcery {Will+++}
   (Okawaru gifted it to you on level 12 of the Dungeon)

   It affects your willpower, your defense against some magical effects.
Jewellery
 b - an uncursed amulet of magic regeneration
 h - the ring "Sevughao" {+Blink rF+ rC+ Will++ Str-5}
   (You found it on level 3 of the Depths)

   [ring of protection from fire]

   It affects your strength (-5).
   It protects you from fire.
   It protects you from cold.
   It affects your willpower, your defense against some magical effects.
   It lets you blink.
 n - a ring of positive energy (right hand)
 s - an amulet of reflection (around neck)
 A - a +4 ring of protection
 B - an uncursed ring of resist corrosion
 O - the ring "Arriyvek" (left hand) {Dex+2 SInv}
   (You found it on level 8 of the Dungeon)

   [ring of see invisible]

   It affects your dexterity (+2).
   It lets you see invisible.
 S - an uncursed ring of protection from fire
Wands
 a - a wand of paralysis (12)
 o - a wand of acid (23)
 u - a wand of disintegration (10)
 z - a wand of flame (96)
 E - a wand of enslavement (48)
 G - a wand of digging (23)
 Z - a wand of iceblast (11)
Scrolls
 c - 3 scrolls of brand weapon
 f - 11 scrolls of magic mapping
 g - 15 scrolls of identify
 k - 22 scrolls of remove curse
 m - 12 scrolls of enchant weapon
 q - 11 scrolls of teleportation
 t - 7 scrolls of fear
 v - 2 scrolls of torment
 I - 8 scrolls of blinking
 K - a scroll of holy word
 M - 3 scrolls of fog
 N - 2 scrolls of noise
Potions
 d - 6 potions of might
 e - 9 potions of ambrosia
 j - 3 potions of magic
 l - 10 potions of brilliance
 r - 5 potions of haste
 x - 7 potions of attraction
 C - 15 potions of lignification
 D - 10 potions of flight
 F - 31 potions of curing
 L - 3 potions of invisibility
 Q - 7 potions of berserk rage
 R - 6 potions of heal wounds
 U - 2 potions of cancellation


   Skills:
 + Level 26.9 Fighting
 - Level 0.4 Long Blades
 - Level 18.1 Axes
 - Level 13.0 Bows
 - Level 17.8 Armour
 * Level 20.6 Dodging
 - Level 0.2 Stealth
 O Level 27 Shields
 * Level 6.5 Unarmed Combat
 - Level 1.9 Invocations
 + Level 1.2 Evocations


You had 25 spell levels left.
You didn't know any spells.
Your spell library contained the following spells:

 Spells                   Type           Power        Failure   Level
 Animate Skeleton         Necr           0%           52%         1
 Apportation              Tloc           0%           52%         1
 Beastly Appendage        Tmut           0%           52%         1
 Corona                   Hex            0%           52%         1
 Freeze                   Ice            0%           52%         1
 Magic Dart               Conj           0%           52%         1
 Pain                     Necr           0%           52%         1
 Shock                    Conj/Air       0%           52%         1
 Sting                    Tmut/Pois      0%           52%         1
 Summon Small Mammal      Summ           0%           52%         1
 Call Imp                 Summ           0%           65%         2
 Ensorcelled Hibernation  Hex/Ice        0%           65%         2
 Poisonous Vapours        Pois/Air       0%           65%         2
 Searing Ray              Conj           0%           65%         2
 Wereblood                Tmut           0%           65%         2
 Call Canine Familiar     Summ           0%           87%         3
 Confusing Touch          Hex            0%           87%         3
 Dazzling Flash           Conj/Hex       0%           87%         3
 Frozen Ramparts          Ice            0%           87%         3
 Gell's Gravitas          Tloc           0%           87%         3
 Ignite Poison            Fire/Tmut/Pois 0%           87%         3
 Lesser Beckoning         Tloc           0%           87%         3
 Mephitic Cloud           Conj/Pois/Air  0%           87%         3
 Ozocubu's Armour         Ice            0%           87%         3
 Portal Projectile        Hex/Tloc       0%           87%         3
 Spider Form              Tmut/Pois      0%           87%         3
 Summon Guardian Golem    Hex/Summ       0%           87%         3
 Tukima's Dance           Hex            0%           87%         3
 Vampiric Draining        Necr           0%           87%         3
 Animate Dead             Necr           0%           99%         4
 Cause Fear               Hex            0%           99%         4
 Fulminant Prism          Conj/Hex       0%           99%         4
 Hailstorm                Conj/Ice       0%           99%         4
 Ice Form                 Ice/Tmut       0%           99%         4
 Iskenderun's Mystic Bla  Conj/Tloc      0%           99%         4
 Leda's Liquefaction      Hex/Erth       0%           99%         4
 Olgreb's Toxic Radiance  Pois           0%           99%         4
 Petrify                  Tmut/Erth      0%           99%         4
 Summon Ice Beast         Ice/Summ       0%           99%         4
 Summon Lightning Spire   Summ/Air       0%           99%         4
 Agony                    Necr           0%           100%        5
 Alistair's Intoxication  Tmut/Pois      0%           100%        5
 Blade Hands              Tmut           0%           100%        5
 Borgnjor's Vile Clutch   Necr/Erth      0%           100%        5
 Irradiate                Conj/Tmut      0%           100%        5
 Lee's Rapid Deconstruct  Erth           0%           100%        5
 Metabolic Englaciation   Hex/Ice        0%           100%        5
 Silence                  Hex/Air        0%           100%        5
 Yara's Violent Unravell  Hex/Tmut       0%           100%        5
 Death Channel            Necr           0%           100%        6
 Dispersal                Tloc           0%           100%        6
 Freezing Cloud           Conj/Ice/Air   0%           100%        6
 Hydra Form               Tmut           0%           100%        6
 Invisibility             Hex            0%           100%        6
 Iron Shot                Conj/Erth      0%           100%        6
 Ozocubu's Refrigeration  Ice            0%           100%        6
 Simulacrum               Ice/Necr       0%           100%        6
 Statue Form              Tmut/Erth      0%           100%        6
 Dragon Form              Tmut           0%           100%        7
 Discord                  Hex            0%           100%        8
 Disjunction              Tloc           0%           100%        8


Dungeon Overview and Level Annotations

Branches:
Dungeon (15/15)            Temple (1/1) D:5            Lair (6/6) D:10
  Swamp (4/4) Lair:4       Spider (4/4) Lair:2        Slime (2/5) Lair:6
    Orc (2/2) D:9             Elf (2/3) Orc:2        Vaults (5/5) D:13
  Crypt (3/3) Vaults:2     Depths (5/5) D:15            Zot (0/5) Depths:5
  IceCv (visited)         Volcano (visited)
   Tomb: Crypt:3

Altars:
Ashenzari
Cheibriados
Dithmenos
Elyvilon
Fedhas
Gozag
Hepliaklqana
Kikubaaqudgha
Makhleb
Nemelex Xobeh
Okawaru
Qazlal
Ru
Sif Muna
Trog
Uskayaw
Vehumet
Wu Jian
Xom
Yredelemnul
Zin
The Shining One
Beogh

Shops:
D:8 !   D:9 }   Orc:2 =*=!*   Elf:1 !   Elf:2 *:!=   Vaults:1 }(:?[
Depths:1 ?   Depths:4 !

Portals:
Hell: Depths:1 Depths:2 Depths:3 Depths:4 Depths:5
Abyss: Depths:2 Depths:4
Pandemonium: Depths:2 Depths:3
Ziggurat: Depths:2

Annotations:
D:4 2 transporters, IHuginn's ghost, amateur GrFi
Vaults:1 1 transporter


Innate Abilities, Weirdness & Mutations

You reflexively headbutt those who attack you in melee.
You have a pair of large horns on your head.
You have sharp toenails.
You are partially covered in icy blue scales. (AC +2)
You are partially covered in thin metallic scales. (AC +2)
Your flesh is cold resistant. (rC+)
You passively map a small area around you.
Your natural rate of healing is unusually fast.
You occasionally shout uncontrollably at your foes.
Potions are less effective at restoring your health.


Message History

The deep elf mage blinks!
The tentacled monstrosity's grasp on you weakens, but your attempt to escape fails.
You block the vault warden's attack. You block the vault guard's attack.
The phantasmal warrior completely misses you.
You furiously retaliate!
You headbutt the phantasmal warrior!
The fire giant is empowered by the deep elf high priest's aura!
The sphinx is empowered by the deep elf high priest's aura!
The deep elf high priest mumbles some strange prayers to its god against you.
Something smites you!
* * * LOW HITPOINT WARNING * * *
The two-headed ogre completely misses you.
The two-headed ogre misses you.
The tentacled monstrosity barely misses you.
You furiously retaliate!
You headbutt the tentacled monstrosity! The tentacled monstrosity misses you.
You block the tentacled monstrosity's attack.
The tentacled monstrosity constricts you.
The vault sentinel blows a loud note on a signal horn!
The vault guard hits you from afar with a +0 glaive!
You die...

, * , , #e...#,
.# * ., #....#
.# , #.
#....#,..# , * ∩
, #. #....#.(.##
* *
##..#....#.....
..c..(ecCp.....
,
###.ccpcW.§####
*
?...OcC@XQO(...,
.....pDOOOp*...
,
.....c9pC(e.H..
, , ,
.....C.O)C.((..
, *
###.....W(..#.#
, ,, ,
c........^.C..,
,
....#$.....(.H.
,
....#....#.(...
, , , , , ,,,


You could see a tentacled monstrosity, 3 titans, a storm dragon, a fire giant
(empowered), 2 sphinxes, a stone giant, 2 vault wardens, a tengu reaver
(empowered), 4 yaktaur captains, 2 vault guards, an ettin, a flayed ghost, 3
two-headed ogres, an ogre mage (empowered), a war gargoyle, a vault sentinel
(empowered, catching breath), a deep elf archer (empowered, repels missiles), a
deep elf high priest (brilliance aura), a phantasmal warrior, 4 yaktaurs, a deep
elf mage (empowered), 2 ogres, a +2 glaive of protection and a battlesphere.

Vanquished Creatures
  Mennas (Vaults:3)
  Mara (Vaults:3)
  Sojobo (Depths:2)
  Frederick (Depths:3)
  A caustic shrike (Depths:2)
  3 golden dragons
  the Enchantress (Depths:1)
  A bone dragon (Crypt:2)
  A lich (Crypt:2)
  A tentacled monstrosity (Depths:5)
  Jorgrun (Spider:1)
  A titan (Depths:3)
  4 quicksilver dragons
  A deep elf blademaster (Elf:2)
  4 acid blobs
  Gastronok (D:9)
  An ancient champion (Crypt:2)
  A sphinx (D:13)
  Kirke (Spider:1)
  3 shadow dragons
  The ghost of Silenth the Unseen, an adept KoHu of Okawaru (Swamp:3)
  A thorn hunter (Swamp:3)
  4 draconian monks (Depths:5)
  3 storm dragons
  An azure jelly (Slime:1)
  5 tengu reavers
  Donald (Orc:2)
  5 frost giants
  10 vault wardens
  4 ghost moths
  4 fire giants
  3 emperor scorpions (Spider:4)
  Louise (Elf:1)
  A draconian shifter (Depths:5)
  The ghost of Boahovan the Carver, a journeyman DsGl of Makhleb (D:15)
  Aizul (Spider:1)
  A balrug (Depths:4)
  2 curse skulls
  A caustic shrike zombie (Depths:2)
  A draconian annihilator (Depths:5)
  5 spriggan defenders
  3 ghouls
  A juggernaut zombie (Crypt:1)
  18 ironheart preservers
  16 very ugly things
  2 green draconians (Depths:5)
  20 stone giants
  Nessos (Lair:5)
  3 red draconians
  6 vampire knights
  2 deep elf demonologists
  6 spark wasps
  6 bunyips
  6 black draconians (Depths:5)
  3 deep elf annihilators
  3 white draconians (Depths:5)
  2 purple draconians (Depths:5)
  A lorocyproca (Depths:3)
  A deep elf death mage (Crypt:1)
  10 entropy weavers
  4 eleionomae
  19 ettins
  An eidolon (Crypt:1)
  4 jiangshi (Crypt:1)
  11 fire dragons
  13 yaktaur captains
  Fannar (Lair:1)
  2 shambling mangroves (Swamp:4)
  Josephine (Orc:1)
  A deep elf high priest (Elf:1)
  26 vault guards
  17 ogre magi
  4 great orbs of eyes
  7 rakshasas
  6 spriggan air magi
  30 hydras
  16 boulder beetles
  The ghost of PaladinM the Carver, a journeyman DsFi of Okawaru (D:10)
  12 ice dragons
  4 ghost crabs
  7 alligators
  3 catoblepae (Lair:6)
  15 centaur warriors
  25 dancing weapons
  12 deep troll earth magi
  9 death yaks
  50 two-headed ogres
  5 death knights
  15 deep troll shamans
  5 vampire magi
  A queen ant (Spider:1)
  9 tengu warriors
  9 spriggan berserkers
  Urug (Lair:1)
  5 soul eaters
  3 orc high priests (Orc:2)
  24 deep elf knights
  4 sun demons
  14 skeletal warriors
  5 shadow wraiths
  2 hell knights
  8 goliath frogs
  6 iron trolls
  3 spriggan druids (Swamp:4)
  7 flayed ghosts
  10 swamp dragons
  4 death drakes (Depths:5)
  48 deep trolls
  6 wizards
  6 unseen horrors
  A swamp dragon (shapeshifter) (D:13)
  3 lindwurms
  An obsidian statue (Volcano)
  18 deep elf archers
  5 glowing orange brains
  14 ironbrand convokers
  5 bog bodies
  5 necromancers
  15 orc knights
  A shadow dragon zombie (Crypt:2)
  6 phantasmal warriors
  63 deep elf magi
  21 orb spiders
  6 orc sorcerers
  A salamander (shapeshifter) (Depths:1)
  A mana viper (shapeshifter) (Depths:2)
  7 cyclopes
  33 ugly things
  A shining eye (shapeshifter) (Vaults:1)
  24 wolf spiders
  4 manticores
  4 shining eyes (Slime:1)
  A centaur zombie (D:14)
  2 salamanders (Depths:5)
  14 elephants
  6 will-o-the-wisps
  An iron dragon zombie (Crypt:2)
  A moth of wrath (Spider:4)
  A cyclops (shapeshifter) (D:15)
  A frost giant skeleton (Vaults:4)
  A dire elephant zombie (Crypt:2)
  An eleionoma skeleton (Crypt:2)
  Maurice (Orc:2)
  3 black mambas
  2 ice statues (IceCv)
  A fire giant skeleton (Vaults:4)
  13 vault sentinels
  A yellow draconian zombie (Crypt:1)
  2 gargoyles
  A storm dragon simulacrum (Vaults:3)
  An eye of devastation (Slime:2)
  13 cane toads
  A death yak zombie (Crypt:1)
  A kobold demonologist (D:11)
  A spark wasp simulacrum (Depths:2)
  A human zombie (Vaults:4)
  32 yaktaurs
  9 rime drakes
  An iron troll zombie (Crypt:3)
  15 komodo dragons
  A swamp worm zombie (Crypt:2)
  9 demonic crawlers
  A death yak skeleton (Crypt:2)
  5 hellwings
  14 freezing wraiths
  8 ice devils (IceCv)
  A rime drake (shapeshifter) (Depths:1)
  2 efreet
  A silent spectre (Vaults:1)
  4 red devils
  36 jumping spiders
  A queen bee (shapeshifter) (Depths:4)
  2 tengu conjurers
  7 trolls
  23 hornets
  A polar bear (shapeshifter) (Vaults:3)
  9 tyrant leeches
  10 blink frogs
  3 wind drakes (Depths:5)
  10 dream sheep
  26 slime creatures
  A wind drake (shapeshifter) (D:15)
  4 air elementals
  13 spriggans
  A flying skull (Crypt:3)
  A spriggan skeleton (Depths:2)
  88 redbacks
  A vampire (D:14)
  A yak (shapeshifter) (Depths:5)
  A dire elephant simulacrum (Crypt:2)
  4 shadows
  An ettin skeleton (Depths:2)
  33 tarantellas
  16 wyverns
  12 wraiths
  A black mamba skeleton (Crypt:3)
  A hog (Spider:1)
  41 yaks
  7 fire bats (Volcano)
  3 water elementals (Elf:1)
  A golden eye (shapeshifter) (Depths:1)
  6 basilisks
  A fire elemental (Elf:1)
  7 vampire mosquitoes
  Grum (D:8)
  A neqoxec (Depths:3)
  Menkaure (D:4)
  A yaktaur simulacrum (Vaults:3)
  20 swamp worms
  7 wargs
  2 human simulacra
  18 soldier ants (Spider:1)
  2 acid dragons
  A floating eye (Slime:1)
  16 water moccasins
  A floating eye (shapeshifter) (D:12)
  44 orc warriors
  11 swamp drakes
  13 ice beasts
  4 black bears
  2 hornet zombies
  An ettin simulacrum (Vaults:3)
  A black bear (shapeshifter) (Vaults:4)
  2 eyes of draining
  5 necrophages
  5 sky beasts
  43 ogres
  3 phantoms
  37 wolves
  16 boggarts
  20 centaurs
  3 big kobolds
  Blork the orc (D:5)
  3 earth elementals
  24 bullfrogs
  A wyvern zombie (D:10)
  2 gnoll sergeants
  A palentonga skeleton (Crypt:2)
  2 wyvern skeletons
  A water moccasin zombie (D:10)
  2 scorpions
  A water moccasin skeleton (D:11)
  A shapeshifter zombie (Crypt:1)
  A snapping turtle simulacrum (Crypt:2)
  17 wights
  3 electric eels
  8 howler monkeys
  A polar bear skeleton (Crypt:3)
  4 crimson imps (Depths:5)
  A wolf skeleton (Crypt:2)
  4 bullfrog zombies
  A quasit (D:10)
  5 lava snakes (Volcano)
  5 bullfrog skeletons
  3 jellies
  7 centaur skeletons
  5 hounds
  21 orc priests
  An iron imp (Depths:1)
  4 iguanas
  Terence (D:2)
  18 orc wizards
  21 worker ants
  5 hell rats (D:14)
  A killer bee zombie (D:9)
  A demigod zombie (Crypt:1)
  2 hound skeletons
  3 mummies
  A worker ant zombie (D:11)
  A howler monkey skeleton (D:5)
  16 gnolls
  14 adders
  A shadow imp (D:10)
  9 white imps
  5 ufetubi
  An ooze (D:1)
  A halfling zombie (Crypt:2)
  A worm zombie (Crypt:1)
  An adder skeleton (Crypt:1)
  2 adder zombies
  A worm (shapeshifter) (Depths:2)
  2 dart slugs
  A leopard gecko (D:1)
  68 orcs
  3 ball pythons
  5 giant cockroaches
  8 goblins
  10 hobgoblins
  23 jackals
  6 quokkas
  2 bats
  7 frilled lizards
  A goblin skeleton (Crypt:2)
  20 kobolds
  A leopard gecko zombie (D:5)
  2 quokka skeletons
  3 quokka zombies
  4 rats
  6 briar patches (Swamp:3)
2172 creatures vanquished.

Vanquished Creatures (others)
  A golden dragon (Depths:2)
  A lich (Depths:4)
  A draconian annihilator (Depths:5)
  A reaper (IceCv)
  A rakshasa (Vaults:3)
  A spriggan air mage (Depths:2)
  An alligator (Swamp:1)
  A deep troll earth mage (Vaults:1)
  A swamp dragon (Swamp:4)
  An orb spider (Spider:4)
  A moth of wrath (Vaults:1)
  4 bloated husks
  A tyrant leech (Swamp:2)
  A redback (Spider:1)
  3 humans (Spider:1)
  A swamp drake (Depths:5)
  2 orc wizards (Orc:2)
  2 worker ants (Spider:1)
  4 white imps (IceCv)
  6 ufetubi (IceCv)
  An orc (Orc:2)
  70 bushes (Depths:2)
  27 foxfires
  76 fungi
  74 plants
  3 withered plants (D:8)
286 creatures vanquished.

Grand Total: 2458 creatures vanquished

Notes
Turn   | Place    | Note
-------+----------+-------------------------------------------
     0 | D:1      | mnogoshchuk the Minotaur Fighter began the quest for the
                  | Orb.
     0 | D:1      | Reached XP level 1. HP: 19/19 MP: 0/0
   155 | D:1      | Reached XP level 2. HP: 26/27 MP: 1/1
   683 | D:2      | Reached XP level 3. HP: 23/34 MP: 2/2
   888 | D:2      | Noticed Terence
   905 | D:2      | Killed Terence
  1030 | D:2      | Reached XP level 4. HP: 41/41 MP: 3/3
  1041 | D:2      | Reached skill level 5 in Fighting
  1865 | D:2      | Reached XP level 5. HP: 38/41 MP: 4/4
  2434 | D:3      | Reached skill level 5 in Axes
  2602 | D:4      | Noticed an ogre
  2608 | D:3      | Killed an ogre
  2609 | D:3      | Reached XP level 6. HP: 33/57 MP: 5/5
  2987 | D:4      | Noticed Menkaure
  2992 | D:4      | Killed Menkaure
  3156 | D:4      | Found a transporter.
  3163 | D:4      | Noticed IHuginn's ghost (amateur GrFi)
  3166 | D:4      | Identified the +7 halberd "Huabbyfu" {venom, rPois}
  3297 | D:4      | Found a transporter.
  3561 | D:4      | Found a shimmering blue altar of Sif Muna.
  3795 | D:5      | Entered Level 5 of the Dungeon
  4078 | D:5      | Reached XP level 7. HP: 59/64 MP: 6/6
  4279 | D:5      | Noticed Blork the orc
  4285 | D:5      | Killed Blork the orc
  4537 | D:5      | Found a staircase to the Ecumenical Temple.
  4544 | Temple   | Entered the Ecumenical Temple
  4594 | Temple   | Became a worshipper of Warmaster Okawaru
  5040 | D:6      | Reached XP level 8. HP: 73/74 MP: 7/7
  5625 | D:6      | Reached * piety under Okawaru
  5776 | D:7      | Reached skill level 10 in Axes
  6384 | D:7      | Found a snail-covered altar of Cheibriados.
  6440 | D:8      | Reached XP level 9. HP: 54/84 MP: 8/8
  6445 | D:8      | Reached ** piety under Okawaru
  6583 | D:8      | Noticed Grum
  6591 | D:8      | Killed Grum
  6592 | D:8      | Reached skill level 10 in Fighting
  6989 | D:8      | Reached *** piety under Okawaru
  7695 | D:8      | Found Mic Ban's Distillery.
  7702 | D:8      | Bought a potion of curing for 30 gold pieces
  7702 | D:8      | Bought a potion of flight for 30 gold pieces
  7702 | D:8      | Bought a potion of curing for 30 gold pieces
  7702 | D:8      | Bought a potion of curing for 30 gold pieces
  7702 | D:8      | Bought a potion of heal wounds for 50 gold pieces
  7702 | D:8      | Bought a potion of heal wounds for 50 gold pieces
  7702 | D:8      | Bought a potion of lignification for 30 gold pieces
  7702 | D:8      | Bought a potion of heal wounds for 50 gold pieces
  7702 | D:8      | Bought a potion of invisibility for 80 gold pieces
  7790 | D:8      | Reached XP level 10. HP: 66/96 MP: 9/9
  8195 | D:8      | Got a slimy amber ring
  8197 | D:8      | Identified the ring "Arriyvek" {Dex+2 SInv} (You found it
                  | on level 8 of the Dungeon)
  8259 | D:9      | Noticed Gastronok
  8828 | D:10     | Entered Level 10 of the Dungeon
  8960 | D:10     | Reached **** piety under Okawaru
  9025 | D:10     | Found a runed translucent gate.
  9026 | D:10     | Found a runed translucent gate.
  9026 | D:10     | Found a runed translucent gate.
  9033 | D:10     | Noticed PaladinM's ghost (journeyman DsFi)
  9461 | D:10     | Got a translucent trident
  9462 | D:10     | Identified the +8 trident "Lixziet" {drain, rElec rC+ Will-
                  | Int+2} (You found it on level 10 of the Dungeon)
  9536 | D:10     | Noticed a gargoyle
  9544 | D:10     | Killed a gargoyle
  9705 | D:10     | Received a gift from Okawaru
  9706 | D:10     | Reached skill level 5 in Armour
 10231 | D:10     | Reached ***** piety under Okawaru
 10381 | D:10     | Found a staircase to the Lair.
 10598 | D:9      | Killed Gastronok
 10598 | D:9      | Received a gift from Okawaru
 10599 | D:9      | Reached XP level 11. HP: 46/107 MP: 10/10
 10870 | D:9      | Noticed a wizard
 10875 | D:9      | Noticed a rakshasa
 10886 | D:9      | Found Dofitz's Gadget Shoppe.
 11182 | D:9      | Found a staircase to the Orcish Mines.
 11565 | Lair:1   | Entered Level 1 of the Lair of Beasts
 11616 | Lair:1   | Found a frozen archway.
 11673 | IceCv    | Entered an ice cave
 11723 | IceCv    | Killed a reaper
 14003 | IceCv    | Received a gift from Okawaru
 14738 | Lair:1   | Noticed a five-headed hydra
 15375 | D:11     | Noticed a two-headed ogre
 15381 | D:11     | Killed a two-headed ogre
 15382 | D:11     | Reached XP level 12. HP: 117/118 MP: 11/11
 15388 | D:11     | Noticed a two-headed ogre
 15397 | D:11     | Reached skill level 15 in Axes
 15397 | D:11     | Reached skill level 10 in Armour
 15409 | D:11     | Killed a two-headed ogre
 15899 | D:11     | Reached skill level 15 in Fighting
 16578 | D:12     | Noticed a six-headed hydra
 16585 | D:12     | Killed a three-headed hydra
 16743 | D:12     | Noticed a boulder beetle
 16755 | D:12     | Killed a boulder beetle
 17218 | D:12     | Noticed a two-headed ogre
 17223 | D:12     | Killed a two-headed ogre
 17223 | D:12     | Received a gift from Okawaru
 17223 | D:12     | Reached ****** piety under Okawaru
 17226 | D:12     | Got a dazzling chain mail {god gift}
 17237 | D:12     | Identified the +0 chain mail of Sorcery {Will+++} (Okawaru
                  | gifted it to you on level 12 of the Dungeon)
 17527 | D:12     | Noticed a two-headed ogre
 17535 | D:12     | Killed a two-headed ogre
 17546 | D:12     | Got a crude hand axe
 17547 | D:12     | Identified the cursed +3 hand axe "Quzoh" {vorpal, Will++}
                  | (You found it on level 12 of the Dungeon)
 17553 | D:12     | Got a polished hand axe
 17554 | D:12     | Identified the +9 hand axe of Context {protect, rF+} (You
                  | found it on level 12 of the Dungeon)
 17833 | Orc:1    | Entered Level 1 of the Orcish Mines
 18084 | Orc:1    | You fall into a shaft and drop 1 floor!
 18084 | Orc:2    | Entered Level 2 of the Orcish Mines
 18320 | Orc:1    | Reached XP level 13. HP: 39/128 MP: 12/12
 18797 | Orc:1    | Found a roughly hewn altar of Beogh.
 19098 | Orc:2    | Noticed Josephine
 19119 | Orc:1    | Killed Josephine
 19124 | Orc:2    | Noticed Maurice
 19242 | Orc:2    | Killed Maurice
 19343 | Orc:2    | Found Ufearch's Assorted Antiques.
 19351 | Orc:2    | Found a staircase to the Elven Halls.
 19353 | Orc:2    | Noticed Donald
 19632 | D:10     | Killed PaladinM's ghost
 20753 | D:13     | Noticed a fire dragon
 20764 | D:13     | Received a gift from Okawaru
 20772 | D:13     | Killed a fire dragon
 20879 | D:13     | Paralysed by a floating eye for 3 turns
 20888 | D:13     | Paralysed by a floating eye for 2 turns
 20893 | D:13     | Paralysed by a floating eye for 3 turns
 21406 | D:13     | Found a gate to the Vaults.
 21860 | D:14     | Found a hazy altar of Hepliaklqana.
 22127 | D:13     | Noticed a sphinx
 22132 | D:13     | Killed a sphinx
 22133 | D:13     | Reached XP level 14. HP: 140/140 MP: 13/13
 22663 | Lair:1   | Received a gift from Okawaru
 22669 | Lair:1   | Got a faintly glowing battleaxe {god gift}
 22675 | Lair:1   | Identified the +2 battleaxe of Yhichocs {speed, rElec Int-4
                  | Dex-3 Stlth+} (Okawaru gifted it to you on level 1 of the
                  | Lair of Beasts)
 23057 | Lair:1   | Reached skill level 4 in Shields
 23143 | Lair:1   | Noticed Urug
 23160 | Lair:1   | Killed Urug
 23387 | Lair:1   | Noticed Fannar
 23406 | Lair:1   | Killed Fannar
 23964 | Lair:2   | Reached skill level 15 in Armour
 24133 | Lair:2   | Found a hole to the Spider Nest.
 24248 | Lair:2   | Reached skill level 5 in Shields
 25509 | Lair:3   | Reached skill level 6 in Shields
 26547 | Lair:4   | Received a gift from Okawaru
 26555 | Lair:4   | Got a masterwork chain mail {god gift}
 26566 | Lair:4   | Identified the +1 chain mail of Mezcal {Str+4} (Okawaru
                  | gifted it to you on level 4 of the Lair of Beasts)
 27744 | Lair:4   | Found a staircase to the Swamp.
 28304 | Lair:4   | Reached skill level 7 in Shields
 28718 | Lair:5   | Noticed Nessos
 28736 | Lair:5   | Killed Nessos
 29273 | Lair:5   | Reached XP level 15. HP: 77/150 MP: 14/14
 29527 | Lair:5   | Reached skill level 8 in Shields
 30083 | Lair:6   | Entered Level 6 of the Lair of Beasts
 30135 | Lair:6   | Found a dark tunnel.
 30140 | Volcano  | Entered a volcano
 30433 | Volcano  | Reached skill level 9 in Shields
 30602 | Volcano  | Found a bloodstained altar of Trog.
 30842 | Volcano  | Reached XP level 16. HP: 159/159 MP: 15/15
 31050 | Lair:6   | Received a gift from Okawaru
 31094 | Lair:6   | Reached skill level 10 in Shields
 32118 | Lair:6   | Reached skill level 11 in Shields
 32526 | Lair:6   | Found a staircase to the Slime Pits.
 33410 | Orc:2    | Killed Donald
 34586 | Orc:2    | Found Ebrilief's Distillery.
 34586 | Orc:2    | Found Kobodud's Jewellery Shop.
 34588 | Orc:2    | Found Guqai's General Store.
 34588 | Orc:2    | Found Ozuek's Jewellery Shop.
 34599 | Orc:2    | Bought an uncursed amulet of reflection for 510 gold pieces
 34775 | Spider:1 | Entered Level 1 of the Spider Nest
 35194 | Spider:1 | Received a gift from Okawaru
 35398 | Lair:2   | Reached skill level 12 in Shields
 35896 | Spider:1 | Got an encrusted scale mail
 35912 | Lair:2   | Identified the +3 scale mail "Kygiull" {Str+7 Stlth-} (You
                  | found it on level 1 of the Spider Nest)
 35970 | Spider:1 | Noticed Jorgrun
 36826 | D:14     | Reached XP level 17. HP: 168/168 MP: 16/16
 37159 | D:15     | Entered Level 15 of the Dungeon
 37159 | D:15     | Found a runed translucent door.
 37160 | D:15     | Identified the +8 trident of Arrival {freeze, rF+}
 37160 | D:15     | Noticed Boahovan's ghost (journeyman DsGl)
 37214 | D:14     | Received a gift from Okawaru
 37326 | D:14     | Reached skill level 13 in Shields
 37437 | D:15     | Reached skill level 1 in Dodging
 37588 | D:15     | Found a staircase to the Depths.
 38491 | D:15     | Killed Boahovan's ghost
 38508 | D:15     | Got a crude hat
 38518 | D:15     | Identified the +2 hat of Curiosity {rPois Will+ Str+3} (You
                  | found it on level 15 of the Dungeon)
 38587 | Depths:1 | Entered Level 1 of the Depths
 38606 | D:15     | Reached skill level 14 in Shields
 38852 | Elf:1    | Entered Level 1 of the Elven Halls
 38998 | Elf:1    | Found a radiant altar of Vehumet.
 39575 | Elf:1    | Identified the Compendium of Damage Dealing
 39854 | Elf:1    | Received a gift from Okawaru
 39855 | Elf:1    | Reached skill level 15 in Shields
 39858 | Elf:1    | Reached skill level 1 in Invocations
 40119 | Elf:1    | Noticed Louise
 40179 | Elf:1    | Reached skill level 5 in Dodging
 40196 | Elf:1    | Killed Louise
 40475 | Elf:1    | Found Zifostet's Distillery.
 40484 | Elf:1    | Bought a potion of curing for 48 gold pieces
 40484 | Elf:1    | Bought 2 potions of lignification for 96 gold pieces
 40484 | Elf:1    | Bought a potion of berserk rage for 80 gold pieces
 40484 | Elf:1    | Bought a potion of ambrosia for 128 gold pieces
 41176 | Elf:2    | Found Seyrea's Jewellery Boutique.
 41178 | Elf:2    | Found Etuoc's Distillery.
 41178 | Elf:2    | Found Koihy's Book Shop.
 41186 | Elf:2    | Found Xoats's General Store.
 41189 | Elf:2    | Bought a potion of curing for 54 gold pieces
 41189 | Elf:2    | Bought a potion of curing for 54 gold pieces
 41189 | Elf:2    | Bought a potion of berserk rage for 90 gold pieces
 41189 | Elf:2    | Bought a potion of curing for 54 gold pieces
 41189 | Elf:2    | Bought a potion of might for 72 gold pieces
 41205 | Elf:2    | Bought a potion of haste for 170 gold pieces
 41609 | Elf:2    | Received a gift from Okawaru
 41663 | Elf:2    | Identified a +2 pair of boots of running (Okawaru gifted it
                  | to you on level 2 of the Elven Halls)
 41723 | Elf:2    | Reached XP level 18. HP: 179/179 MP: 17/17
 41926 | Elf:2    | Reached skill level 16 in Shields
 41928 | Elf:2    | Found a huge runed translucent gate.
 41928 | Elf:2    | Found a huge runed translucent gate.
 41950 | Elf:2    | Found a huge runed translucent gate.
 41952 | Elf:2    | Found a huge runed translucent gate.
 41952 | Elf:2    | Found a huge runed translucent gate.
 43453 | Slime:1  | Entered Level 1 of the Pits of Slime
 43469 | Slime:1  | Gained mutation: Your flesh is cold resistant. (rC+) [a
                  | shining eye]
 43470 | Slime:1  | Gained mutation: Your body sometimes deteriorates upon
                  | taking damage. [a shining eye]
 43473 | Slime:1  | Gained mutation: You tend to lose your temper in combat. [a
                  | shining eye]
 43490 | Slime:1  | Lost mutation: Your body sometimes deteriorates upon taking
                  | damage. [potion of mutation]
 43490 | Slime:1  | Lost mutation: You tend to lose your temper in combat.
                  | [potion of mutation]
 43490 | Slime:1  | Gained mutation: You are weak. (Str -2) [potion of
                  | mutation]
 43490 | Slime:1  | Lost mutation: You are weak. (Str -2) [potion of mutation]
 43490 | Slime:1  | Gained mutation: You passively map a small area around you.
                  | [potion of mutation]
 44285 | Swamp:1  | Entered Level 1 of the Swamp
 44341 | Swamp:1  | Received a gift from Okawaru
 44370 | Swamp:1  | Reached skill level 17 in Shields
 46790 | Swamp:3  | Reached skill level 18 in Shields
 47399 | Swamp:3  | Found a runed translucent gate.
 47400 | Swamp:3  | Found a runed translucent gate.
 47401 | Swamp:3  | Found a runed translucent gate.
 47402 | Swamp:3  | Noticed Silenth's ghost (adept KoHu)
 48243 | Swamp:3  | Killed Silenth's ghost
 48375 | Swamp:4  | Entered Level 4 of the Swamp
 48588 | Swamp:3  | Reached XP level 19. HP: 183/189 MP: 19/19
 48608 | Swamp:3  | Received a gift from Okawaru
 48614 | Swamp:3  | Identified the +7 war axe "Giantbane" {drain, rElec rF+}
                  | (Okawaru gifted it to you on level 3 of the Swamp)
 49801 | Swamp:4  | Got a decaying rune of Zot
 50719 | Vaults:1 | Entered Level 1 of the Vaults
 50745 | D:13     | Reached skill level 19 in Shields
 50759 | Vaults:1 | Found Poc Foha's Armour Shop.
 50824 | Vaults:1 | Received a gift from Okawaru
 51553 | Vaults:1 | Reached skill level 1 in Bows
 51558 | Vaults:1 | Received a gift from Okawaru
 51723 | Vaults:1 | Reached skill level 10 in Dodging
 51837 | Vaults:1 | Found a transporter.
 51865 | Vaults:1 | Found an ornate altar of the Wu Jian Council.
 51921 | Vaults:1 | Found Ubaoze's Magic Scroll Shop.
 51937 | Vaults:1 | Reached skill level 20 in Shields
 51947 | Vaults:1 | Found Popt's Book Emporium.
 51953 | Vaults:1 | Found Wigrydec's Weapon Emporium.
 51957 | Vaults:1 | Found Sonuxyitt's Gadget Emporium.
 52105 | Vaults:1 | Bought a scroll of magic mapping for 45 gold pieces
 52105 | Vaults:1 | Bought a scroll of teleportation for 39 gold pieces
 52457 | Vaults:1 | Found a transporter.
 52457 | Vaults:1 | Found a runed translucent door.
 52457 | Vaults:1 | Found a bloodstained altar of Trog.
 52458 | Vaults:1 | Found the cursed necklace of Bloodlust {*Rage +Rage Will++
                  | Int-3 Slay+6 *Curse}
 52470 | Vaults:1 | Received a gift from Okawaru
 52765 | Vaults:1 | Got a polished plate armour
 52796 | Vaults:1 | HP: 8/192 [deep troll earth mage/blast of metal fragments
                  | (13)]
 52797 | Vaults:1 | HP: 1/192 [titan/bolt of lightning (8)]
 53356 | Vaults:2 | Reached skill level 5 in Bows
 53356 | Vaults:2 | Reached XP level 20. HP: 195/200 MP: 20/20
 53747 | Vaults:2 | Identified the cursed +0 plate armour of Responsibility
                  | {*Drain rElec rPois Int+2} (You found it on level 1 of the
                  | Vaults)
 53841 | Vaults:2 | Found a staircase to the Crypt.
 54801 | Vaults:3 | Received a gift from Okawaru
 54820 | Vaults:3 | Identified the +0 pair of gloves of the Game Afoot {rC+
                  | Int+4} (Okawaru gifted it to you on level 3 of the Vaults)
 55611 | Vaults:3 | Noticed Mennas
 55820 | Vaults:3 | Reached skill level 21 in Shields
 56058 | Spider:1 | Killed Jorgrun
 56306 | Spider:1 | Noticed Aizul
 56327 | Spider:1 | Killed Aizul
 56330 | Spider:1 | Noticed Kirke
 56341 | Spider:1 | Killed Kirke
 56351 | Spider:1 | Received a gift from Okawaru
 57146 | Spider:2 | Received a gift from Okawaru
 57149 | Spider:2 | Identified the +16 crystal plate armour "Ommuis" {rPois
                  | Str+4 Int-4} (Okawaru gifted it to you on level 2 of the
                  | Spider Nest)
 58879 | Spider:3 | Reached XP level 21. HP: 205/211 MP: 21/21
 58889 | Spider:3 | Reached skill level 10 in Bows
 59020 | Spider:4 | Entered Level 4 of the Spider Nest
 60328 | Spider:4 | Reached skill level 22 in Shields
 60596 | Spider:4 | Found the +10 Black Knight's barding {ponderous, rPois rN+}
 60633 | Spider:4 | Received a gift from Okawaru
 60854 | Spider:4 | Got a gossamer rune of Zot
 61182 | Vaults:3 | Received a gift from Okawaru
 61627 | Vaults:3 | Received a gift from Okawaru
 61741 | Vaults:3 | Noticed Mara
 61752 | Vaults:3 | Noticed mnogoshchuk's illusion
 61780 | Vaults:3 | Killed Mara
 63323 | Vaults:3 | Received a gift from Okawaru
 63324 | Vaults:3 | Reached XP level 22. HP: 220/222 MP: 22/22
 63337 | Vaults:3 | Reached skill level 23 in Shields
 63377 | Vaults:3 | Reached skill level 15 in Dodging
 63512 | Vaults:3 | Killed Mennas
 63512 | Vaults:3 | Received a gift from Okawaru
 63516 | Vaults:3 | Identified the +9 spear "Yhyriq" {flame, *Slow rF- Str+7
                  | SInv} (Okawaru gifted it to you on level 3 of the Vaults)
 63925 | Vaults:4 | Found a portal to a secret trove of treasure.
 63933 | Vaults:4 | You paid a toll of 7 potions of haste to enter a treasure
                  | trove
 63934 | Trove    | Entered a treasure trove
 64031 | Vaults:4 | Identified 3 scrolls of acquirement
 64382 | Lair:6   | Acquired a scarf of shadows
 64387 | Lair:6   | Acquired 533 gold pieces
 64388 | Lair:6   | Acquired 1136 gold pieces
 64608 | D:8      | Bought 2 potions of invisibility for 160 gold pieces
 64713 | Orc:2    | Bought 2 potions of haste for 320 gold pieces
 64713 | Orc:2    | Bought a potion of heal wounds for 80 gold pieces
 64713 | Orc:2    | Bought a potion of curing for 48 gold pieces
 64713 | Orc:2    | Bought a potion of might for 64 gold pieces
 64713 | Orc:2    | Bought a potion of experience for 800 gold pieces
 64723 | Orc:2    | Bought a scroll of enchant armour for 127 gold pieces
 64723 | Orc:2    | Bought a +0 kite shield of protection for 195 gold pieces
 64723 | Orc:2    | Bought a potion of flight for 51 gold pieces
 64724 | Orc:2    | Reached XP level 23. HP: 229/229 MP: 23/23
 64811 | Elf:1    | Bought a potion of mutation for 128 gold pieces
 64854 | Elf:2    | Bought a potion of ambrosia for 144 gold pieces
 66652 | Slime:2  | Paralysed by a floating eye for 3 turns
 66658 | Slime:2  | Paralysed by a floating eye for 4 turns
 67292 | Slime:1  | Gained mutation: You are frail. (-10% HP) [a shining eye]
 67295 | Slime:1  | Gained mutation: You occasionally shout uncontrollably at
                  | your foes. [a shining eye]
 67297 | Slime:1  | Gained mutation: Armour fits poorly on your strangely
                  | shaped body. [a shining eye]
 67298 | Slime:1  | Gained mutation: Your magical capacity is low. (-10% MP) [a
                  | shining eye]
 67300 | Slime:1  | Gained mutation: You sometimes yell uncontrollably at your
                  | foes. [a shining eye]
 67302 | Slime:1  | Gained mutation: You are clumsy. (Dex -2) [a shining eye]
 67305 | Slime:1  | Gained mutation: Your body sometimes deteriorates upon
                  | taking damage. [a shining eye]
 67309 | Slime:1  | Lost mutation: You are frail. (-10% HP) [potion of
                  | mutation]
 67309 | Slime:1  | Lost mutation: Your magical capacity is low. (-10% MP)
                  | [potion of mutation]
 67309 | Slime:1  | Gained mutation: You have sharp toenails. [potion of
                  | mutation]
 67309 | Slime:1  | Gained mutation: You are very clumsy. (Dex -4) [potion of
                  | mutation]
 67309 | Slime:1  | Gained mutation: Your flesh is very cold resistant. (rC++)
                  | [potion of mutation]
 67310 | Slime:1  | Lost mutation: Your body sometimes deteriorates upon taking
                  | damage. [potion of mutation]
 67310 | Slime:1  | Lost mutation: Armour fits poorly on your strangely shaped
                  | body. [potion of mutation]
 67310 | Slime:1  | Lost mutation: You are very clumsy. (Dex -4) [potion of
                  | mutation]
 67310 | Slime:1  | Gained mutation: Your mind is acute. (Int +2) [potion of
                  | mutation]
 67310 | Slime:1  | Gained mutation: Your magical capacity is low. (-10% MP)
                  | [potion of mutation]
 67310 | Slime:1  | Gained mutation: You have razor-sharp toenails. [potion of
                  | mutation]
 67310 | Slime:1  | Gained mutation: You have claws for feet. [potion of
                  | mutation]
 68075 | Depths:1 | Received a gift from Okawaru
 68256 | Depths:1 | Found Ushrucze's Magic Scroll Boutique.
 68262 | Depths:1 | Bought a scroll of magic mapping for 66 gold pieces
 68262 | Depths:1 | Bought a scroll of blinking for 142 gold pieces
 68262 | Depths:1 | Bought a scroll of magic mapping for 66 gold pieces
 68448 | Depths:1 | Found a gateway to Hell.
 68766 | Depths:2 | Noticed Sojobo
 68814 | Depths:2 | Found a one-way gate to the infinite horrors of the Abyss.
 69183 | Depths:2 | Reached skill level 1 in Evocations
 69417 | Crypt:1  | Entered Level 1 of the Crypt
 70172 | Crypt:1  | Reached skill level 24 in Shields
 70521 | Crypt:1  | Lost mutation: You sometimes yell uncontrollably at your
                  | foes. [potion of mutation]
 70521 | Crypt:1  | Lost mutation: You are clumsy. (Dex -2) [potion of
                  | mutation]
 70521 | Crypt:1  | Lost mutation: Your mind is acute. (Int +2) [potion of
                  | mutation]
 70521 | Crypt:1  | Gained mutation: Potions are less effective at restoring
                  | your health. [potion of mutation]
 70521 | Crypt:1  | Gained mutation: You are partially covered in thin metallic
                  | scales. (AC +2) [potion of mutation]
 71029 | Crypt:2  | Received a gift from Okawaru
 72785 | Crypt:3  | Entered Level 3 of the Crypt
 72797 | Crypt:3  | Identified Deecs's Handbook of the Eight Boll Weevils
 72802 | Crypt:3  | Received a gift from Okawaru
 73972 | Depths:2 | Noticed the Enchantress
 74038 | Depths:1 | Killed the Enchantress
 74039 | Depths:1 | Reached XP level 24. HP: 205/237 MP: 20/20
 74291 | Depths:2 | Identified the cursed +1 ring mail of Gallantry {rN+ Int+6}
                  | (You found it on level 2 of the Depths)
 74393 | Depths:2 | Killed Sojobo
 74912 | Depths:2 | Identified the +3 triple sword of Watchfulness {vorpal,
                  | rElec rPois Will++ Int-3}
 74920 | Depths:2 | Reached skill level 25 in Shields
 75100 | Depths:2 | Received a gift from Okawaru
 75103 | Depths:2 | Identified the +1 tower shield of Supple Strength {rPois
                  | rF- Str-3 SInv} (Okawaru gifted it to you on level 2 of the
                  | Depths)
 75665 | Depths:2 | Found a one-way gate leading to the halls of Pandemonium.
 75794 | Depths:2 | Found a gateway to a ziggurat.
 76535 | Depths:3 | Noticed Frederick
 77164 | Depths:3 | Killed Frederick
 77687 | Depths:3 | Got a vibrating silver ring
 77943 | Depths:3 | Identified the ring "Sevughao" {+Blink rF+ rC+ Will++
                  | Str-5} (You found it on level 3 of the Depths)
 78048 | Depths:4 | Received a gift from Okawaru
 78269 | Depths:4 | Reached skill level 26 in Shields
 78282 | Depths:3 | Reached XP level 25. HP: 181/253 MP: 20/20
 78438 | Depths:3 | Received a gift from Okawaru
 79646 | Depths:4 | Received a gift from Okawaru
 79863 | Depths:4 | Found Qemeacw's Distillery.
 79882 | Depths:4 | Bought a potion of lignification for 54 gold pieces
 79882 | Depths:4 | Bought a potion of attraction for 54 gold pieces
 79882 | Depths:4 | Bought a potion of heal wounds for 90 gold pieces
 79882 | Depths:4 | Bought a potion of curing for 54 gold pieces
 80007 | Depths:4 | Lost mutation: Your magical capacity is low. (-10% MP)
                  | [potion of mutation]
 80007 | Depths:4 | Lost mutation: You have claws for feet. [potion of
                  | mutation]
 80007 | Depths:4 | Lost mutation: Your flesh is very cold resistant. (rC++)
                  | [potion of mutation]
 80007 | Depths:4 | Lost mutation: You have razor-sharp toenails. [potion of
                  | mutation]
 80007 | Depths:4 | Gained mutation: You have a pair of large horns on your
                  | head. [potion of mutation]
 80007 | Depths:4 | Gained mutation: Your natural rate of healing is unusually
                  | fast. [potion of mutation]
 80007 | Depths:4 | Gained mutation: You are partially covered in icy blue
                  | scales. (AC +2) [potion of mutation]
 80260 | Depths:5 | Entered Level 5 of the Depths
 80547 | Depths:5 | Identified the +6 trident of Salt {vorpal, *Corrode Str+4
                  | Stlth+} (You found it on level 5 of the Depths)
 80679 | Depths:5 | Received a gift from Okawaru
 81107 | Depths:5 | Received a gift from Okawaru
 81119 | Depths:5 | Identified the +9 hand axe "Lieduuv" {freeze, Will++ Dex+2}
                  | (Okawaru gifted it to you on level 5 of the Depths)
 81266 | Depths:5 | Found a gate to the Realm of Zot.
 81304 | Depths:5 | Reached skill level 27 in Shields
 81478 | Depths:5 | Reached skill level 5 in Unarmed Combat
 82559 | Vaults:5 | Entered Level 5 of the Vaults
 82657 | Vaults:4 | Received a gift from Okawaru
 82724 | Vaults:4 | Received a gift from Okawaru
 82783 | Vaults:4 | Reached XP level 26. HP: 264/264 MP: 23/23
 82811 | Vaults:4 | Received a gift from Okawaru
 82846 | Vaults:4 | Got a crude longbow {god gift}
 82847 | Vaults:4 | Identified the +8 longbow of Udaoqe {venom, Str+4} (Okawaru
                  | gifted it to you on level 4 of the Vaults)
 82876 | Vaults:4 | Identified the +3 whip of Infection {freeze, rF- rC+ rN+}
 83045 | Vaults:5 | HP: 9/264 [deep elf high priest/divine providence (12)]
 83045 | Vaults:5 | Mangled by a vault guard

Illustrated notes

Levels and vault maps discovered:
D:1:      dpeg_arrival_concentric_ovals, layout_loops_ring
D:2:      minmay_spotlight, layout_rooms, minmay_misc_feat_pillars,
          minmay_quantized, uniq_terence
D:3:      layout_loops_ring, minmay_misc_feat_rugged
D:4:      layout_loops_corners, gammafunk_ghost_gnarly_gnolls,
          lemuel_blue_sif_altar, uniq_menkaure
D:5:      layout_gridville, minmay_temple_entry_overgrown, uniq_blork_the_orc
D:6:      layout_cave_pools, grunt_ministairs_11, st_stairs_12
D:7:      layout_loops_ring, slow_altar_2
D:8:      minmay_cornered_nines, layout_rooms, serial_undead, serial_undead_e,
          serial_undead_c, serial_undead_d, serial_undead_a, serial_shops, shop,
          uniq_grum
D:9:      minmay_blocky_corners, layout_cave_pools, orc_0_dummy, serial_shops,
          shop, uniq_gastronok
D:10:     layout_irregular_city, due_lair_maze_entry_diamond,
          gammafunk_ghost_split, fungi_pond_lemuel
D:11:     layout_loops_cross
D:12:     layout_loops_ring, minmay_statues_item,
          eino_small_chamber_without_monster, evilmike_butchery
D:13:     minmay_diamond_stairs, layout_cave_pools, david_vaults_4
D:14:     layout_roguey [special_room_mythical_zoo], lemuel_statue_altar
D:15:     grunt_enter_depths_giant_problem, layout_irregular_city, minivault_24,
          ebering_ghost_funeral_grove
Temple:   kilobyte_greek_temple
Lair:1:   layout_gridlike, portal_ice_cave_entry_ice_beasts,
          beast_lair_carwin_7, uniq_urug, uniq_fannar
Lair:2:   layout_layer_cave, spider_nest_entry_a
Lair:3:   layout_big_grid, grunt_megastairs_2
Lair:4:   layout_cave_pods, palyth_hydra_swamp_entry, beast_lair_carwin_11
Lair:5:   layout_loops_ring, grunt_megastairs_5, infiniplex_staircase_pool,
          lemuel_fruit_tree, uniq_nessos
Lair:6:   evilmike_catoblepas_cave, layout_long_grid, dpeg_slime_entry_corner,
          enter_volcano_4, minivault_26
Swamp:1:  layout_basic_swamp, hangedman_swamp_ruin_hall
Swamp:2:  layout_falls_marsh, nicolae_swamp_orc_logging_accident, swamp_pool4
Swamp:3:  layout_basic_swamp, ebering_ghost_rock_garden,
          evilmike_swamp_ruin_house_4, swamp_pool5
Swamp:4:  swamp_alternative, layout_basic_swamp, swamp_pool1,
          hangedman_swamp_pad
Spider:1: layout_spider_delve, zaba_antful_of_joy, uniq_aizul, uniq_jorgrun,
          uniq_kirke
Spider:2: layout_spider_delve
Spider:3: layout_chambers, nicolae_spider_nook,
          hangedman_spider_tarantella_strand
Spider:4: spider_rune_water, nicolae_spider_shape
Slime:1:  layout_caves
Slime:2:  layout_caves
Orc:1:    nicolae_orc_accident_2, layout_caves
Orc:2:    grunt_orc_tribal_feast, layout_caves, serial_shops, shop,
          mines2_lemuel, uniq_donald, uniq_maurice, uniq_josephine
Elf:1:    eino_elf_arrival_altar, layout_loops_ring, serial_shops,
          nicolae_shop_stone, minmay_elf_annihilation, uniq_louise
Elf:2:    layout_onion_city, billiards_dpeg, minmay_shoptagon
Vaults:1: hangedman_vaults_stretched_pinwheel, hangedman_vaults_river_flow,
          vaults_standard_mumra_x, vaults_room_ringed_pool,
          emtedronai_trogs_sanctum, ontoclasm_vaults_loading_screen,
          vaults_mumra_minichess, nicolae_vaults_little_squares_5,
          nicolae_vaults_alarming, vaults_mumra_chevron_long,
          layout_vaults_omnibox, basic_altar, serial_shops, nicolae_shop_trees,
          shop, shop, nicolae_shop_statue_plus, shop
Vaults:2: v_rooms_4, nicolae_vaults_hallways_thing, vaults_standard_mumra_lines,
          nicolae_vaults_ninety_degrees, v_misc_5, vaults_dpeg_encased_lava,
          grunt_vaults_bifocal, hangedman_vaults_impose, v_alt_pattern_6,
          nicolae_vaults_little_squares_2, v_misc_1, vaults_dpeg_ring,
          layout_vaults_omnigrid
Vaults:3: nicolae_vaults_what_the_h, v_alt_pattern_5, st_hourglassy,
          hangedman_vaults_slither, nicolae_vaults_shelves_hall,
          grunt_vaults_funnel, v_misc_2, v_misc_8, nicolae_vaults_big_ls,
          nicolae_vaults_asterisk, nicolae_vaults_little_squares_6,
          layout_vaults_ring, uniq_mennas, uniq_mara
Vaults:4: ontoclasm_vaults_claustrophobia, v_misc_3, st_star,
          nicolae_vaults_network_s, hangedman_vaults_impose, v_alt_pattern_3,
          vaults_mumra_hexcomb, layout_vaults_chaotic_city,
          nicolae_trove_entry_crystal
Vaults:5
Crypt:1:  layout_chaotic_city
Crypt:2:  layout_gridlike, nicolae_crypt_soggy_tomb, grunt_megastairs_3,
          lemuel_elevator
Crypt:3:  david_glass_crypt, layout_misc_corridors, tomb_entry_shell_bobbens,
          ebering_ghost_xom, st_stairs_4, nrook_guardian_serpent_ordinary
Depths:1: layout_basic, dk_noncrumbling_4, grunt_hell_entry_dis_mu,
          lemuel_another_geyser, minmay_shop_star
Depths:2: minmay_complete_graph, layout_cave_shapes, enter_ziggurat_e,
          minmay_hedge_maze, hell_entry, abyss_entry,
          grunt_pan_entry_in_and_out, uniq_sojobo, uniq_enchantress
Depths:3: nooodl_glass_maze, layout_long_grid, chequers_serial_rivers_small_3,
          rand_demon_pan_entry_1, hell_entry, minmay_misc_feat_plants,
          uniq_frederick
Depths:4: cheibrodos_salmonella, layout_gridville, serial_shops,
          nicolae_shop_temple_entry_statues_fountains, abyss_entry,
          lightli_too_deep
Depths:5: lemuel_castle_with_subvaults [lemuel_castle_interior_carwin_1],
          layout_basic, hellmouth_3

Skill      XL: |  1  2  3  4  5  6  7  8  9 10 11 12 13 14 15 16 17 18 19 20 21 22 23 24 25 |
---------------+----------------------------------------------------------------------------+-----
Fighting       | 4 5 6 7 9 11 13 14 16 17 18 19 20 21 22 23 24 25 26 | 26.9
Axes           | 3 4 5 6 8 10 12 14 16 17 18 | 18.1
Armour         | 7 9 11 14 16 17 | 17.8
Shields        | 7 9 12 15 18 20 21 22 23 24 26 27 | 27.0
Unarmed Combat | 2 3 6 |  6.5
Dodging        | 5 8 10 12 14 15 16 18 20 | 20.6
Invocations    | 1 |  1.9
Bows           | 5 9 12 13 | 13.0
Evocations     | 1 |  1.2
Long Blades    | |  0.4
Stealth        | |  0.2

Action                   |  1- 3 |  4- 6 |  7- 9 | 10-12 | 13-15 | 16-18 | 19-21 | 22-24 | 25-27 || total
-------------------------+-------+-------+-------+-------+-------+-------+-------+-------+-------++-------
Melee: War axe           |    60 |   150 |   256 |   602 |       |       |  1598 |  1174 |   563 ||  4403
       Headbutt          |    10 |    28 |    68 |   170 |   299 |   560 |   597 |   415 |   201 ||  2348
       Hand axe          |       |       |       |    52 |   877 |  1949 |     5 |       |       ||  2883
       Scimitar          |       |       |       |     3 |    91 |    44 |    53 |     7 |       ||   198
       Kick              |       |       |       |       |       |       |       |   593 |    95 ||   688
Invok: Heroism           |       |       |       |     6 |     1 |    19 |     6 |     6 |    15 ||    53
Evoke: Wand              |       |       |       |     9 |     1 |       |       |     4 |       ||    14
  Use: Scroll            |       |     7 |     5 |     9 |     9 |    15 |    15 |    30 |     4 ||    94
       Potion            |       |     1 |       |    11 |     3 |     3 |     5 |     8 |     3 ||    34
 Stab: Confused          |       |       |       |       |       |     1 |       |       |       ||     1
       Invisible         |       |       |       |       |       |       |       |     1 |       ||     1
       Distracted        |       |       |       |       |       |       |       |       |     1 ||     1
Armor: Scale mail        |    27 |    62 |    94 |    30 |       |       |       |       |       ||   213
       Chain mail        |       |       |       |   244 |   507 |   603 |   423 |   133 |       ||  1910
       Skin              |       |       |       |    16 |       |       |       |       |       ||    16
       Acid dragon scale |       |       |       |       |       |       |       |    68 |   114 ||   182
Dodge: Dodged            |    18 |    41 |    53 |   138 |   212 |   384 |   681 |   429 |   419 ||  2375
Block: Kite shield       |    28 |    74 |   113 |   306 |   460 |  1141 |  1642 |  1124 |   777 ||  5665
       Reflection        |       |       |       |       |       |    52 |   114 |    61 |    46 ||   273
       Rpst.: Scimitar   |       |       |       |     1 |     3 |     4 |     6 |       |       ||    14
